 Dungeon Crawl Stone Soup version 0.30-a0-12-gd8047c6341 (webtiles) character file.

Game seed: 2016126477453413366

2139 Zeldest the Cleaver (level 9, -5/79 HPs)
             Began as a Hill Orc Fighter on Aug 23, 2022.
             Was a Priest of Beogh.
             Slain by a killer bee (8 damage)
             ... on level 7 of the Dungeon.
             The game lasted 00:07:04 (7078 turns).

Zeldest the Cleaver (Hill Orc Fighter)              Turns: 7078, Time: 00:07:05

Health: -5/79      AC:  7    Str: 23    XL:     9   Next: 30%
Magic:  23/23      EV:  9    Int:  8    God:    Beogh [***...]
Gold:   349        SH:  4    Dex: 10    Spells: 8/8 levels left

rFire   . . .      SeeInvis .    a - +1 war axe
rCold   . . .      Faith    .    c - +0 buckler
rNeg    . . .      Spirit   .    b - +0 scale mail
rPois   .          Reflect  .    w - +0 hat
rElec   .          Harm     .    (no cloak)
rCorr   .          Rampage  .    (no gloves)
Will    .....                    (no boots)
Stlth   ..........               (no amulet)
HPRegen 0.23/turn                f - ring of flight
MPRegen 0.18/turn                g - ring of magical power

@: flying
A: no striking features
a: Renounce Religion, Smiting


You were on level 7 of the Dungeon.
You worshipped Beogh.
Beogh was most pleased with you.
You visited 1 branch of the dungeon, and saw 7 of its levels.
You also visited: Ossuary.

You collected 349 gold pieces.

Inventory:

Hand Weapons
 a - a +1 war axe (weapon)
 x - a +2 falchion of electrocution
 E - a +3 morningstar
Armour
 b - a +0 scale mail (worn)
 c - a +0 buckler (worn)
 w - a +0 hat (worn)
Jewellery
 f - a ring of flight (left hand)
 g - a ring of magical power (right hand)
 i - a ring of magical power
 F - a ring of ice
Wands
 n - a wand of polymorph (1)
 C - a wand of charming (4)
Scrolls
 e - 3 scrolls of vulnerability
 h - 2 scrolls of enchant weapon
 k - 3 scrolls of butterflies {unknown}
 l - 2 scrolls of magic mapping {unknown}
 m - 2 scrolls of blinking
 r - 2 scrolls of teleportation {unknown}
 u - a scroll of enchant armour {unknown}
 y - a scroll of amnesia {unknown}
 D - 3 scrolls of noise {unknown}
 G - a scroll of fear {unknown}
Potions
 d - 3 potions of might
 o - 2 potions of flight
 p - a potion of curing
 q - 2 potions of berserk rage {unknown}
 s - 2 potions of invisibility {unknown}
 t - a potion of mutation {unknown}
 v - 3 potions of attraction {unknown}
 z - 2 potions of haste {unknown}
 A - 2 potions of lignification {unknown}
 B - a potion of brilliance {unknown}


   Skills:
 + Level 7.3 Fighting
 * Level 10.3 Axes
 + Level 6.7 Armour
 - Level 3.2 Shields
 + Level 6.9 Invocations


You had 8 spell levels left.
You didn't know any spells.
Your spell library contained the following spells:

 Spells                   Type           Power      Damage    Failure   Level
 Sandblast                Erth           0%         2d4       80%         1
 Ignite Poison            Fire/Tmut/Pois 0%         N/A       99%         3
 Mephitic Cloud           Conj/Pois/Air  0%         N/A       99%         3
 Freezing Cloud           Conj/Ice/Air   0%         6-21      100%        5
 Eringya's Noxious Bog    Tmut/Pois      0%         N/A       100%        6
 Statue Form              Tmut/Erth      0%         N/A       100%        6


Dungeon Overview and Level Annotations

Branches:
Dungeon (7/15)             Temple (0/1) D:6         Ossuary (visited)

Altars:
Elyvilon

Shops:
D:4 [


Message History

You slash the orc priest!
You kill the orc priest!
Beogh accepts your kill.
Beogh appreciates your killing of a heretic priest.
You closely miss the killer bee.
You feel very sick. The killer bee barely misses you.
The killer bee stings you.
* * * LOW HITPOINT WARNING * * *
You are lethally poisoned!
The killer bee poisons you!
Your orc warrior completely misses the killer bee.
The orc barely misses you.
* * * LOW HITPOINT WARNING * * *
You feel very sick.
The killer bee stings you but does no damage.
Your orc warrior barely misses the killer bee.
The orc hits you but does no damage.
Things that are here:
a +0 hand axe; an orc corpse You hit the orc.
The orc is heavily wounded.
You miss the killer bee.
* * * LOW HITPOINT WARNING * * *
You feel very sick. The killer bee stings you.
* * * LOW HITPOINT WARNING * * *
The killer bee stings you!
* * * LOW HITPOINT WARNING * * *
You are more poisoned.
The killer bee poisons you!
Your orc warrior closely misses the killer bee.
You block the orc's attack. The killer bee barely misses you.
You feel better. You block the killer bee's attack.
Your orc warrior misses the killer bee.
The orc hits you with a +0 trident.
* * * LOW HITPOINT WARNING * * *
The killer bee closely misses you.
You miss the killer bee.
The killer bee is moderately wounded.
You hit the orc but do no damage. The killer bee stings you!
You die...

........#
........#
........# .....
........# .....
........# ......
........##......
.......o.#......
......)@).......
......†y........
.......o...###.
##+#.##)..###
#.#......# #
#....).## #
#.#.......#
#.#.#.......#
#...........#


You could see a killer bee (ally target), an orc and a friendly orc warrior.

Vanquished Creatures
  2 water moccasins
  A sky beast (D:6)
  An ogre (D:4)
  The ghost of Spectrina the Magician, an amateur DjVM (D:3)
  A centaur (D:6)
  5 bullfrogs
  2 necrophages (D:6)
  2 scorpions (D:5)
  4 wights (D:5)
  2 killer bees (D:7)
  3 centaur zombies (Ossuary)
  A gnoll bouda (D:7)
  A jelly (D:4)
  An orc priest (D:7)
  2 human zombies (Ossuary)
  Jessica (D:3)
  3 orc wizards
  4 hound zombies (Ossuary)
  3 mummies (Ossuary)
  8 gnolls
  11 adders
  2 white imps
  2 ufetubi
  4 adder zombies (Ossuary)
  A worm (D:2)
  3 dart slugs
  14 orcs
  7 ball pythons
  10 endoplasms
  A giant cockroach (D:1)
  A gnoll zombie (Ossuary)
  7 goblins
  9 hobgoblins
  8 kobolds
  A quokka (D:3)
  6 bats
  3 frilled lizards
  5 goblin zombies (Ossuary)
  A hobgoblin zombie (Ossuary)
  A jackal zombie (Ossuary)
  5 kobold zombies (Ossuary)
  3 orc zombies (Ossuary)
  6 quokka zombies (Ossuary)
  8 rats
  3 rat zombies (Ossuary)
170 creatures vanquished.

Vanquished Creatures (collateral kills)
  A shadow imp (D:7)
  An orc (D:7)
2 creatures vanquished.

Vanquished Creatures (others)
  An orc wizard (D:7)
1 creature vanquished.

Grand Total: 173 creatures vanquished

Notes
Turn   | Place    | Note
-------+----------+-------------------------------------------
     0 | D:1      | Zeldest the Hill Orc Fighter began the quest for the Orb.
     0 | D:1      | Reached XP level 1. HP: 19/19 MP: 1/1
    41 | D:1      | Reached skill level 3 in Axes
    60 | D:1      | Reached XP level 2. HP: 25/27 MP: 2/2
   332 | D:1      | Reached skill level 1 in Invocations
   600 | D:1      | Reached XP level 3. HP: 30/33 MP: 3/3
  1368 | D:2      | Reached skill level 4 in Axes
  1385 | D:2      | Reached XP level 4. HP: 40/40 MP: 5/5
  1991 | D:3      | Noticed Jessica
  2007 | D:3      | Killed Jessica
  2257 | D:3      | Found a runed translucent door.
  2262 | D:3      | Noticed Spectrina's ghost (amateur DjVM)
  2321 | D:3      | Became a worshipper of Beogh the Brigand
  2365 | D:3      | Reached XP level 5. HP: 46/47 MP: 6/6
  3028 | D:3      | Reached skill level 5 in Axes
  3036 | D:3      | Killed Spectrina's ghost
  3037 | D:3      | Reached XP level 6. HP: 55/55 MP: 8/8
  3378 | D:4      | Found Astreep's Armour Shoppe.
  3424 | D:4      | Reached skill level 5 in Fighting
  3424 | D:4      | Reached skill level 6 in Axes
  3560 | D:4      | Got Sif Muna's Compendium of Putrescence and Excavation
  3575 | D:4      | Reached * piety under Beogh
  3592 | D:4      | Found a sand-covered staircase.
  3601 | Ossuary  | Entered an ossuary
  3688 | Ossuary  | Reached XP level 7. HP: 61/61 MP: 9/9
  3844 | Ossuary  | Reached ** piety under Beogh
  3888 | Ossuary  | Reached skill level 5 in Armour
  3895 | Ossuary  | Reached skill level 7 in Axes
  4242 | D:5      | Entered Level 5 of the Dungeon
  4377 | D:5      | Reached XP level 8. HP: 27/70 MP: 11/11
  4685 | D:5      | Reached skill level 5 in Invocations
  4974 | D:5      | Reached skill level 8 in Axes
  6071 | D:6      | Reached skill level 9 in Axes
  6347 | D:6      | Reached XP level 9. HP: 44/78 MP: 13/13
  6514 | D:6      | Found a staircase to the Ecumenical Temple.
  6517 | D:6      | Noticed Eustachio
  6522 | D:6      | Noticed Eustachio
  6522 | D:6      | Eustachio changed into Eustachio the frilled lizard
  6524 | D:6      | Killed Eustachio the frilled lizard
  6782 | D:7      | Found a white marble altar of Elyvilon.
  6813 | D:7      | Reached *** piety under Beogh
  6814 | D:7      | Reached skill level 10 in Axes
  7076 | D:7      | HP: 2/79 [killer bee (7)]
  7078 | D:7      | Slain by a killer bee

Illustrated notes

Levels and vault maps discovered:
D:1:      lightli_molten_gateway, layout_loops_corners, serial_park_tiny_1
D:2:      layout_basic
D:3:      layout_basic, ebering_ghost_sewer_d, uniq_jessica
D:4:      layout_basic, nicolae_ossuary_entry_monument, serial_shops,
          kennysheep_little_box
D:5:      layout_cave_pools
D:6:      layout_rooms, minmay_temple_entry_glass, palyth_stone_intersect,
          uniq_eustachio
D:7:      layout_basic, mainiacjoe_overflow_six_doors_small,
          riverfiend_overflow_shadow_ancestor, okawaru_trees_2,
          mainiacjoe_overflow_alcove_1, nicolae_take_the_stairs,
          supply_closet_lemuel, minmay_diced_spiral

Skill      XL: |  1  2  3  4  5  6  7  8  9 |
---------------+----------------------------+-----
Axes           | 3 4 5 6 7 9 10 | 10.3
Invocations    | 1 2 3 4 6 |  6.9
Fighting       | 4 5 6 7 |  7.3
Armour         | 4 5 6 |  6.7
Shields        | |  3.2

Action                   |  1- 3 |  4- 6 |  7- 9 || total
-------------------------+-------+-------+-------++-------
Melee: War axe           |    81 |   147 |   249 ||   477
Invok: Convert to Beogh  |       |     1 |       ||     1
       Smiting           |       |       |     2 ||     2
Evoke: Wand              |       |       |     4 ||     4
  Use: Scroll            |       |     2 |     4 ||     6
       Potion            |       |       |     2 ||     2
Armor: Scale mail        |    46 |    48 |   105 ||   199
Dodge: Dodged            |    43 |    68 |   120 ||   231
Block: Buckler           |    19 |    35 |    62 ||   116

Table legend: (Time is in decaauts)
 A = Elapsed time spent in this place.
 B = Non-inter-level travel time spent in this place.
 C = Inter-level travel time spent in this place.
 D = Time resting spent in this place.
 E = Time spent auto-exploring this place.
 F = Levels seen in this place.
 G = Mean time per level.
                   A        B        C        D        E       F      G
               +--------+--------+--------+--------+--------+-----+--------+
         Total |   7187 |   6985 |    202 |   2691 |   3121 |   8 |  898.4 |
       Dungeon |   6770 |   6568 |    202 |   2548 |   3013 |   7 |  967.1 |
       Ossuary |    416 |    416 |      0 |    143 |    108 |   1 |  416.0 |
               +--------+--------+--------+--------+--------+-----+--------+

Top non-repeatable levels by time:
     D:5: 1431 daAuts
     D:3: 1370 daAuts
     D:6: 1115 daAuts
     D:1: 999 daAuts
     D:2: 790 daAuts
     D:4: 756 daAuts
 Ossuary: 416 daAuts
     D:7: 306 daAuts
